 Dungeon Crawl Stone Soup version 0.19.0-11-g3fc08b3 (webtiles) character file.

78 lorenzova the Charmwright (level 4, 0/34 HPs)
             Began as a Merfolk Skald on Nov 8, 2016.
             Slain by Natasha (2 damage)
             ... on level 2 of the Dungeon.
             The game lasted 00:02:34 (1732 turns).

lorenzova the Charmwright (Merfolk Skald)           Turns: 1732, Time: 00:02:35

Health: 0/34       AC:  3    Str: 13    XL:     4   Next: 36%
Magic:  6/8        EV: 11    Int: 11    God:
Gold:   124        SH:  0    Dex: 13    Spells: 3 memorised, 4 levels left

rFire  . . .     SeeInvis .     a - +0 spear
rCold  . . .     Gourm    .     b - +0 leather armour
rNeg   . . .     Faith    .     (no shield)
rPois  .         Spirit   .     (no helmet)
rElec  .         Reflect  .     (no cloak)
rCorr  .         Harm     .     (no gloves)
MR     .....                    (no boots)
Stlth  +.........               (no amulet)
                                (no ring)
                                (no ring)

@: infused
A: change form in water, swift swim, stealthy swim
a: no special abilities


You were on level 2 of the Dungeon.
You were not hungry.

You visited 1 branch of the dungeon, and saw 2 of its levels.

You collected 124 gold pieces.

Inventory:

Hand Weapons
 a - a +0 spear (weapon)
Armour
 b - a +0 leather armour (worn)
Scrolls
 e - a scroll of amnesia {unknown}
 g - a scroll of remove curse {unknown}
Potions
 h - a potion of cure mutation {unknown}
 i - a potion of brilliance {unknown}
 j - a potion of curing {unknown}
Books
 c - a book of Battle

   Spells                             Type                      Level
   a - Infusion                       Charms                       1
   b - Shroud of Golubria             Charms/Translocation         2
   c - Song of Slaying                Charms                       2
   d - Spectral Weapon                Hexes/Charms                 3
   e - Regeneration                   Charms/Necromancy            3
Comestibles
 d - 2 bread rations
 f - a meat ration
 k - a slice of pizza


   Skills:
 + Level 2.8 Fighting
 - Level 3.0 Polearms
 - Level 0.6 Armour
 - Level 1.3 Dodging
 * Level 3.1 Spellcasting
 * Level 4.2 Charms


You had 4 spell levels left.
You knew the following spells:

 Your Spells              Type           Power        Failure   Level  Hunger
a - Infusion              Chrm           ##..         8%          1    #......
b - Song of Slaying       Chrm           ##......     10%         2    ###....
c - Shroud of Golubria    Chrm/Tloc      #.........   24%         2    ###....


Dungeon Overview and Level Annotations

Branches:
Dungeon (2/15)

Altars:
The Shining One

Annotations:
D:2 Natasha


Message History

Natasha is moderately wounded.
Natasha claws you.
* * * LOW HITPOINT WARNING * * *
The crimson imp hits you.
* * * LOW HITPOINT WARNING * * *
Press: ? - help, v - describe, . - travel The floor.
Casting: Infusion
Confirm with . or Enter, or press ? or * to list all spells.
You begin infusing your attacks with magical energy.
Natasha mewls in sadness.
Natasha claws you.
* * * LOW HITPOINT WARNING * * *
The crimson imp hits you.
* * * LOW HITPOINT WARNING * * *
There are monsters nearby!
You hit Natasha.
Natasha is heavily wounded.
Natasha claws you.
You die...

..##.....##.#.#
#.#.......#.#.#
##.#.......#...#
#......_.....######
..)#.......#......#
.#.#.......#.####.##
.#.##.....##.......#
.<.####.####.###)5##
.............# #@.#
.......##..### #h.#
....... #.# #..#
+##..#. #. #..# ..#
# #..# .# ...# .#.#
. .#


You could see Natasha and a crimson imp.

Vanquished Creatures
  An adder (D:2)
  A gnoll (D:1)
  A worm (D:2)
  2 leopard geckos (D:1)
  8 bats
  5 giant cockroaches
  5 goblins
  5 hobgoblins
  5 jackals (D:1)
  A ball python (D:1)
  A frilled lizard (D:1)
  4 kobolds (D:1)
  12 rats (D:1)
51 creatures vanquished.

Notes
Turn   | Place    | Note
-------+----------+-------------------------------------------
     0 | D:1      | lorenzova the Merfolk Skald began the quest for the Orb.
     0 | D:1      | Reached XP level 1. HP: 16/16 MP: 3/3
   100 | D:1      | Reached XP level 2. HP: 17/23 MP: 5/5
   430 | D:1      | Reached XP level 3. HP: 17/28 MP: 6/6
  1031 | D:2      | Reached skill level 4 in Charms
  1099 | D:1      | Reached XP level 4. HP: 4/34 MP: 3/8
  1436 | D:1      | Learned a level 2 spell: Song of Slaying
  1439 | D:1      | Learned a level 2 spell: Shroud of Golubria
  1690 | D:2      | Found a glowing golden altar of the Shining One.
  1713 | D:2      | Noticed Natasha
  1732 | D:2      | Slain by Natasha

Skill      XL: |  1  2  3 |
---------------+----------+-----
Charms         | 4 |  4.2
Spellcasting   | 3 |  3.1
Fighting       | |  2.8
Polearms       | |  3.0
Armour         | |  0.6
Dodging        | |  1.3

Action                   |  1- 3 |  4- 6 || total
-------------------------+-------+-------++-------
Melee: Spear             |   149 |    64 ||   213
 Cast: Infusion          |     1 |     1 ||     2
 Stab: Sleeping          |     5 |     1 ||     6
  Eat: Chunk             |       |     3 ||     3
Armor: Leather armour    |    25 |    12 ||    37
Dodge: Dodged            |    67 |    26 ||    93
